 Dungeon Crawl Stone Soup version 0.19.4-8-ga85b6b9 (console) character file.

490 lanroth the Cutter (level 7, -1/53 HPs)
             Began as a Human Fighter on Feb 9, 2017.
             Was a Follower of Dithmenos.
             Killed by divine providence
             ... invoked by an orc priest
              (15 damage)
             ... on level 4 of the Dungeon.
             The game lasted 00:36:15 (2947 turns).

lanroth the Cutter (Human Fighter)                  Turns: 2947, Time: 00:36:16

Health: -1/53      AC: 11    Str: 19    XL:     7   Next: 37%
Magic:  7/7        EV:  5    Int:  8    God:    Dithmenos [*.....]
Gold:   193        SH:  9    Dex: 12    Spells: 0 memorised, 6 levels left

rFire  . . .     SeeInvis .     p - +2 flail (holy)
rCold  . . .     Gourm    .     u - +0 chain mail
rNeg   . . .     Faith    .     c - +0 shield
rPois  .         Spirit   .     w - +0 helmet
rElec  .         Reflect  .     k - +0 cloak
rCorr  .         Harm     .     (no gloves)
MR     .....                    (no boots)
Stlth  ..........               (no amulet)
                                (no ring)
                                (no ring)

@: wreathed by umbra
A: no striking features
a: Renounce Religion


You were on level 4 of the Dungeon.
You worshipped Dithmenos.
Dithmenos was aware of your devotion.
You were not hungry.

You visited 1 branch of the dungeon, and saw 5 of its levels.

You collected 193 gold pieces.

Inventory:

Hand Weapons
 a - a +0 rapier
 d - a +1 falchion of protection
 n - a +0 hunting sling
 p - a +2 flail of holy wrath (weapon)
 x - a +0 falchion
 y - a +0 hand axe
 z - a +0 mace
 C - a +2 dagger of venom
 E - a +1 short sword of flaming
Missiles
 h - 127 stones
 j - 100 arrows
 l - 21 bolts
 s - 41 sling bullets
 D - 11 poisoned needles
 K - a javelin (quivered)
Armour
 c - a +0 shield (worn)
 k - a +0 cloak (worn)
 u - a +0 chain mail (worn)
 w - a +0 helmet (worn)
Jewellery
 t - a cursed ring of loudness {unknown}
 M - an uncursed ring of poison resistance {unknown}
Scrolls
 m - 2 scrolls of identify
 v - a scroll of amnesia
 B - 2 scrolls of magic mapping
 H - a scroll of teleportation {unknown}
Potions
 q - a potion of might
Comestibles
 f - 3 bread rations
 i - 6 fruits
 o - a beef jerky
 G - 2 meat rations


   Skills:
 + Level 3.8 Fighting
 + Level 4.5 Short Blades
 + Level 0.6 Maces & Flails
 + Level 3.0 Throwing
 + Level 3.9 Armour
 + Level 1.0 Dodging
 + Level 4.2 Shields


You had 6 spell levels left.
You didn't know any spells.

Dungeon Overview and Level Annotations

Branches:
Dungeon (5/15)
 Temple: D:4-7

Altars:
Dithmenos
Makhleb
Qazlal
Ru


Message History

The floor.
You barely miss the orc priest.
The orc priest is moderately wounded.
The orc barely misses you. You block the orc priest's attack.
You thump the orc priest!
The orc priest is almost dead.
You block the orc's attack.
The orc priest mumbles some strange prayers to Beogh against you.
Pain shoots through your body!
* * * LOW HITPOINT WARNING * * *
The orc priest hits you but does no damage.
You block the orc's attack.
Items here: ) [[[[[ a -2 hunting sling; a +0 ring mail; a +0 scale mail; a +0 leather armour; a +0 animal skin; a +0 scale mail The orc hits you but does no damage.
The orc priest begins to cast a cantrip, but forgets the words!
The orc priest looks braver for a moment.
The orc priest invokes the aid of Beogh against you.
Beogh smites you!
You die...

###### ###### ################################
##....###....###.............##....##.........#
#######..............#...#.....###.##....##.........#
###.....#..............#...#.........##....##.........#
#.......#..............#.#######.....#.?#.#..)........#
#.....>.'.....................................>#'######
#.......#..............#.#..#..........o..#.##)#.#
###.....#..............#.##.#...<......##.#.##.#.#
#.'.....#..............#.##............##......#.###########
#.#.....#.....##+#####+#'###.#......#..##......#.#.........#
#.#.....##..........................#.o##o....##.'.........#
#.#.....##..........................#..##.....####.........#
#.#.....##....†.....................#.@##..................#
#†#.....##..............................#............#######
#.########.......##.....................#............#
#.###...##%#......#.....................###..........#
#...'...'..#......#...........###....................#
#####...####......###.....###.###....................# #......#
#......#........##..##.....#....#.........#
#....######...............#..........#....#.........#
#....##...................#..........#....#.........#
##....................######..........#..............#
#..........................##.......#.#..............####
#...........###'#####......##'#..####.#.......##........#####
#............##.## #............## #.####....##........'...#
###.........##...## #.............# #.#.................###.#
#........##.....####..........#.###'#..............#<## #.#
##........#.......###..........#+##.......###.##.###### #.#
####............._...................#.........#.##......####.#
#............#.......#...............#.......#.#.#.........##)#
#.#..........##.....##...............#.....###+#.#.........##.#
#.#......##...##...##................#...........#.........##.#
#<#......+..#..##.##.................#..####..................#
#####....##.+...........................####........).....#####
#....####...#............................#............#
#....##....................######........#............#
#..........................#### #...................###
#.............................###...................#
#..................#..................÷.............#
#....########...........................###.........#
#..........##.......................................#
#..........##.......###.###.........................#
###........##.......# #.# ##.#.....>................#
#........##.......# #.####.#..........#############
#........##.......# #......#......##### #........##.......#
###########...# #........########## #...# #........# #...#


You could see an orc priest and an orc.

Vanquished Creatures
  An ogre (D:4)
  A scorpion (D:4)
  A jelly (D:4)
  A howler monkey (D:4)
  An orc priest (D:3)
  3 orc wizards
  Terence (D:3)
  Robin (D:3)
  5 adders
  An adder skeleton (D:4)
  A worm (D:4)
  A dart slug (D:1)
  5 leopard geckos
  10 orcs
  5 bats
  4 giant cockroaches
  7 hobgoblins
  4 jackals (D:2)
  9 kobolds
  6 frilled lizards
  11 goblins
  5 rats
84 creatures vanquished.

Notes
Turn   | Place    | Note
-------+----------+-------------------------------------------
     0 | D:1      | lanroth the Human Fighter began the quest for the Orb.
     0 | D:1      | Reached XP level 1. HP: 18/18 MP: 1/1
   120 | D:1      | Reached XP level 2. HP: 24/24 MP: 2/2
   663 | D:1      | Reached XP level 3. HP: 29/29 MP: 3/3
   852 | D:2      | Found a shadowy altar of Dithmenos.
   932 | D:2      | Became a worshipper of Dithmenos the Shadowed
  1084 | D:2      | Reached skill level 1 in Throwing
  1125 | D:2      | Reached XP level 4. HP: 35/35 MP: 4/4
  1150 | D:2      | Noticed a fire elemental
  1153 | D:2      | Found a stormy altar of Qazlal.
  1158 | D:2      | Noticed an earth elemental
  1158 | D:2      | Noticed an air elemental
  1158 | D:2      | Noticed a water elemental
  1453 | D:3      | Found a sacrificial altar of Ru.
  1552 | D:3      | Noticed Robin
  1572 | D:3      | Noticed Terence
  1583 | D:3      | Reached XP level 5. HP: 28/41 MP: 5/5
  1591 | D:3      | Killed Robin
  1604 | D:3      | Killed Terence
  1725 | D:3      | Reached * piety under Dithmenos
  1910 | D:3      | Reached XP level 6. HP: 17/47 MP: 6/6
  2282 | D:4      | Noticed an ogre
  2306 | D:4      | Killed an ogre
  2482 | D:4      | Found a burning altar of Makhleb.
  2515 | D:4      | Reached skill level 1 in Dodging
  2523 | D:4      | Reached XP level 7. HP: 53/53 MP: 7/7
  2897 | D:5      | Entered Level 5 of the Dungeon
  2947 | D:4      | Killed from afar by an orc priest

Skill      XL: |  1  2  3  4  5  6  7 |
---------------+----------------------+-----
Throwing       | 1 2 3 |  3.0
Short Blades   | 3 4 |  4.5
Shields        | 4 |  4.2
Dodging        | 1 |  1.0
Fighting       | |  3.8
Maces & Flails | |  0.6
Armour         | |  3.9

Action                   |  1- 3 |  4- 6 |  7- 9 || total
-------------------------+-------+-------+-------++-------
Melee: Rapier            |    45 |   178 |       ||   223
       Flail             |       |     6 |    19 ||    25
Throw: Stone             |     3 |    12 |       ||    15
       Javelin           |    36 |    48 |    14 ||    98
  Use: Scroll            |     4 |     5 |     1 ||    10
       Potion            |     3 |     5 |       ||     8
  Eat: Chunk             |     1 |     5 |       ||     6
       Royal jelly       |       |       |     1 ||     1
Armor: Scale mail        |    13 |    64 |       ||    77
       Chain mail        |       |     1 |    16 ||    17
Dodge: Dodged            |    11 |    46 |     4 ||    61
Block: Shield            |    18 |    64 |    12 ||    94
